PCL
REDWOOD CITY REDWOODS @ SAN JOSE MISSIONS
05/14/2023
 
TOP OF THE 1ST
Redwood City Redwoods batting - Pitching for San Jose Missions : LHP Floyd Dye
Pitching: LHP Floyd Dye
Batting: LHB Alfonso Montoya 0-0: Foul Ball, location: 2F
0-1: Ball
1-1: Swinging Strike
1-2: Ball
2-2: Strikes out swinging
Batting: LHB Eduardo Alomar 0-0: Called Strike
0-1: Called Strike
0-2: Ball
1-2: Ball
2-2: Ball
3-2: Base on Balls
Batting: RHB José Aguilera 0-0: Called Strike
0-1: Ball
1-1: SINGLE (Groundball, 34D)
Eduardo Alomar to second
Runner from 2nd tries for 3rd, SAFE, no throw or cutoff
Batting: LHB Nicholas Alston 0-0: Foul Ball, location: 2F
0-1: Ball
1-1: Ball
2-1: Ball
3-1: Fielders Choice at 2nd, 2-4 (Groundball, 2R)
Batting: SHB Marvin Harris 0-0: Ball
1-0: Called Strike
1-1: Foul Ball, location: 2F
1-2: Foul Ball, location: 2F
1-2: Fly out, F4 (Popup, 4MD)
Top of the 1st over - 0 run(s), 1 hit(s), 0 error(s), 2 left on base; Redwood City 0 - San Jose 0
BOTTOM OF THE 1ST
San Jose Missions batting - Pitching for Redwood City Redwoods : RHP Jason Drake
Pitching: RHP Jason Drake
Batting: RHB Goro Tanabe 0-0: Swinging Strike
0-1: Ball
1-1: Called Strike
1-2: Ball
2-2: Foul Ball, location: 2F
2-2: Foul Ball, location: 2F
2-2: Strikes out swinging
Batting: LHB Raúl García 0-0: Called Strike
0-1: Called Strike
0-2: Strikes out looking
Batting: RHB Ed Starr 0-0: Called Strike
0-1: Foul Ball, location: 2F
0-2: Ball
1-2: Ball
2-2: Foul Ball, location: 2F
2-2: Ball
3-2: Fly out, F6 (Popup, 6D)
Bottom of the 1st over - 0 run(s), 0 hit(s), 0 error(s), 0 left on base; Redwood City 0 - San Jose 0
TOP OF THE 2ND
Redwood City Redwoods batting - Pitching for San Jose Missions : LHP Floyd Dye
Batting: RHB Edgardo Gonzáles 0-0: Ball
1-0: Ball
2-0: Foul Ball, location: 2F
2-1: SOLO HOME RUN (Flyball, 8LXD), Distance : 440 ft
Batting: RHB Robinson Martínez 0-0: Ball
1-0: Ground out 5-3 (Groundball, 5L)
Batting: RHB Anastasio García 0-0: Ball
1-0: Foul Ball, location: 2F
1-1: Ball
2-1: Ball
3-1: Foul Ball, location: 2F
3-2: Ground out 4-3 (Groundball, 4M)
Batting: LHB Ken Miller 0-0: Called Strike
0-1: Ball
1-1: Called Strike
1-2: Ball
2-2: Strikes out swinging
Top of the 2nd over - 1 run(s), 1 hit(s), 0 error(s), 0 left on base; Redwood City 1 - San Jose 0
BOTTOM OF THE 2ND
San Jose Missions batting - Pitching for Redwood City Redwoods : RHP Jason Drake
Batting: LHB Miguel Montés 0-0: Ball
1-0: Ball
2-0: Called Strike
2-1: Swinging Strike
2-2: Strikes out swinging
Batting: RHB Chang-geun Kim 0-0: Ball
1-0: SINGLE (Line Drive, 78S)
Batting: LHB Mel Jones 0-0: Ball
1-0: Foul Ball, location: 2F
1-1: Swinging Strike
1-2: SINGLE (Line Drive, 8LS)
Chang-geun Kim to second
Chang-geun Kim to third
Batting: RHB Mike Gordon 0-0: Ball
1-0: Swinging Strike
1-1: Ground out 5-3 (Groundball, 5S)
Chang-geun Kim scores
Mel Jones to second
Batting: LHB John Brady 0-0: Called Strike
0-1: Ball
1-1: Foul Ball, location: 2F
1-2: Strikes out swinging
Bottom of the 2nd over - 1 run(s), 2 hit(s), 0 error(s), 1 left on base; Redwood City 1 - San Jose 1
TOP OF THE 3RD
Redwood City Redwoods batting - Pitching for San Jose Missions : LHP Floyd Dye
Batting: LHB Alfonso Montoya 0-0: Foul Ball, location: 2F
0-1: Called Strike
0-2: Foul Ball, location: 2F
0-2: Ball
1-2: Foul Ball, location: 2F
1-2: Foul Ball, location: 2F
1-2: Ball
2-2: Foul Ball, location: 2F
2-2: Foul Ball, location: 2F
2-2: Strikes out swinging
Batting: LHB Eduardo Alomar 0-0: Foul Ball, location: 2F
0-1: Foul Ball, location: 2F
0-2: Ball
1-2: Ball
2-2: Foul Ball, location: 2F
2-2: Ball
3-2: Ground out 5-3 (Groundball, 5S)
Batting: RHB José Aguilera 0-0: Ground out 1-3 (Groundball, 13)
Top of the 3rd over - 0 run(s), 0 hit(s), 0 error(s), 0 left on base; Redwood City 1 - San Jose 1
BOTTOM OF THE 3RD
San Jose Missions batting - Pitching for Redwood City Redwoods : RHP Jason Drake
Batting: RHB Josh Powell 0-0: Called Strike
0-1: Ball
1-1: Ball
2-1: Ball
3-1: SINGLE (Line Drive, 8LS)
Batting: RHB Goro Tanabe 0-0: Ball
1-0: Foul Ball, location: 2F
1-1: Called Strike
1-2: Ball
2-2: Foul Ball, location: 2F
2-2: Strikes out swinging
Batting: LHB Raúl García 0-0: Called Strike
0-1: Ball
Wild Pitch!
Josh Powell to second
1-1: Called Strike
Josh Powell steals 3rd base
1-2: Fly out, F8 (Flyball, 8LS)
Batting: RHB Ed Starr 0-0: Ball
1-0: SINGLE (Groundball, 56) (infield hit)
Josh Powell scores
Batting: LHB Miguel Montés 0-0: Fly out, F9 (Line Drive, 9M)
Bottom of the 3rd over - 1 run(s), 2 hit(s), 0 error(s), 1 left on base; Redwood City 1 - San Jose 2
TOP OF THE 4TH
Redwood City Redwoods batting - Pitching for San Jose Missions : LHP Floyd Dye
Batting: LHB Nicholas Alston 0-0: Called Strike
0-1: Foul Ball, location: 2F
0-2: Ball
1-2: Ball
2-2: Foul Ball, location: 2F
2-2: Ball
3-2: Fly out, F6 (Popup, 56D)
Batting: SHB Marvin Harris 0-0: Called Strike
0-1: Ball
1-1: Ball
2-1: Foul Ball, location: 2F
2-2: Foul Ball, location: 2F
2-2: Foul Ball, location: 2F
2-2: Strikes out swinging
Batting: RHB Edgardo Gonzáles 0-0: Ground out 6-3 (Groundball, 6)
Top of the 4th over - 0 run(s), 0 hit(s), 0 error(s), 0 left on base; Redwood City 1 - San Jose 2
BOTTOM OF THE 4TH
San Jose Missions batting - Pitching for Redwood City Redwoods : RHP Jason Drake
Batting: RHB Chang-geun Kim 0-0: Ball
1-0: Called Strike
1-1: Swinging Strike
1-2: Strikes out swinging
Batting: LHB Mel Jones 0-0: Ball
1-0: Ball
2-0: Foul Ball, location: 2F
2-1: Ball
3-1: Called Strike
3-2: Strikes out swinging
Batting: RHB Mike Gordon 0-0: Ball
1-0: Foul Ball, location: 2F
1-1: SINGLE (Groundball, 6)
Batting: LHB John Brady 0-0: Foul Ball, location: 2F
0-1: Ball
1-1: Foul Ball, location: 2F
1-2: SINGLE (Flyball, 89S)
Mike Gordon to second
Runner from 2nd tries for 3rd, SAFE, no throw or cutoff
Batting: RHB Josh Powell 0-0: Called Strike
0-1: Ball
1-1: Ground out 4-3 (Groundball, 4)
Bottom of the 4th over - 0 run(s), 2 hit(s), 0 error(s), 2 left on base; Redwood City 1 - San Jose 2
TOP OF THE 5TH
Redwood City Redwoods batting - Pitching for San Jose Missions : LHP Floyd Dye
Batting: RHB Robinson Martínez 0-0: Called Strike
0-1: Ball
1-1: Ball
2-1: Fly out, F3 (Popup, 3SF)
Batting: RHB Anastasio García 0-0: Ball
1-0: Swinging Strike
1-1: Ball
2-1: Ball
3-1: Foul Ball, location: 2F
3-2: Strikes out swinging
Batting: LHB Ken Miller 0-0: Called Strike
0-1: Swinging Strike
0-2: Ball
1-2: Strikes out swinging
Top of the 5th over - 0 run(s), 0 hit(s), 0 error(s), 0 left on base; Redwood City 1 - San Jose 2
BOTTOM OF THE 5TH
San Jose Missions batting - Pitching for Redwood City Redwoods : RHP Jason Drake
Batting: RHB Goro Tanabe 0-0: Called Strike
0-1: Foul Ball, location: 2F
0-2: Ground out 5-3 (Groundball, 56)
Batting: LHB Raúl García 0-0: Called Strike
0-1: Fly out, F7 (Flyball, 7LS)
Batting: RHB Ed Starr 0-0: Called Strike
0-1: Foul Ball, location: 2F
0-2: Ground out 4-3 (Groundball, 4M)
Bottom of the 5th over - 0 run(s), 0 hit(s), 0 error(s), 0 left on base; Redwood City 1 - San Jose 2
TOP OF THE 6TH
Redwood City Redwoods batting - Pitching for San Jose Missions : LHP Floyd Dye
Batting: LHB Alfonso Montoya 0-0: Fly out, F8 (Line Drive, 8RM)
Batting: LHB Eduardo Alomar 0-0: Ball
1-0: Ball
2-0: Called Strike
2-1: Called Strike
2-2: Ball
3-2: Strikes out swinging
Batting: RHB José Aguilera 0-0: Foul Ball, location: 2F
0-1: Ball
1-1: Foul Ball, location: 2F
1-2: Strikes out swinging
Top of the 6th over - 0 run(s), 0 hit(s), 0 error(s), 0 left on base; Redwood City 1 - San Jose 2
BOTTOM OF THE 6TH
San Jose Missions batting - Pitching for Redwood City Redwoods : RHP Jason Drake
Batting: LHB Miguel Montés 0-0: Ball
1-0: Foul Ball, location: 2F
1-1: Called Strike
1-2: Ball
2-2: Foul Ball, location: 2F
2-2: Ball
3-2: Foul Ball, location: 2F
3-2: Strikes out swinging
Batting: RHB Chang-geun Kim 0-0: Ball
1-0: Reached on error, E6 (Groundball, 6)
Batting: LHB Mel Jones 0-0: Called Strike
0-1: Called Strike
0-2: Strikes out looking
Batting: RHB Mike Gordon 0-0: Fly out, F5 (Popup, 5S)
Bottom of the 6th over - 0 run(s), 0 hit(s), 1 error(s), 1 left on base; Redwood City 1 - San Jose 2
TOP OF THE 7TH
Redwood City Redwoods batting - Pitching for San Jose Missions : LHP Floyd Dye
Pitching: RHP Oliver Meléndez
Batting: LHB Nicholas Alston 0-0: Ground out 1-3 (Groundball, 23)
Batting: SHB Marvin Harris 0-0: Ball
1-0: Ball
2-0: DOUBLE (Line Drive, 7LM)
Pinch Hitting: LHB Tony Warrilow 0-0: Called Strike
0-1: Ball
1-1: Foul Ball, location: 2F
1-2: Ball
2-2: Ball
3-2: Foul Ball, location: 2F
3-2: Foul Ball, location: 2F
3-2: Ground out 1-3 (Groundball, 13S)
Marvin Harris to third
Batting: RHB Robinson Martínez 0-0: Ball
1-0: Called Strike
1-1: Foul Ball, location: 2F
1-2: Ball
2-2: Ball
3-2: Strikes out swinging
Top of the 7th over - 0 run(s), 1 hit(s), 0 error(s), 1 left on base; Redwood City 1 - San Jose 2
BOTTOM OF THE 7TH
San Jose Missions batting - Pitching for Redwood City Redwoods : RHP Jason Drake
Pitching: LHP George Owens
Now at SS: Dan Martin
Batting: LHB John Brady 0-0: Ball
1-0: Foul Ball, location: 2F
1-1: Called Strike
1-2: Strikes out swinging
Batting: RHB Josh Powell 0-0: Ball
1-0: Swinging Strike
1-1: Fly out, F9 (Flyball, 9D)
Batting: RHB Goro Tanabe 0-0: Called Strike
0-1: Ball
1-1: Called Strike
1-2: Ball
2-2: Ball
3-2: Base on Balls
Pinch Hitting: RHB Cal Keys 0-0: Called Strike
Goro Tanabe steals 2nd base
0-1: Called Strike
0-2: Ground out 3-4 (Groundball, 3)
Bottom of the 7th over - 0 run(s), 0 hit(s), 0 error(s), 1 left on base; Redwood City 1 - San Jose 2
TOP OF THE 8TH
Redwood City Redwoods batting - Pitching for San Jose Missions : RHP Oliver Meléndez
Now at 1B: Jim Brown
Now at 3B: Bobby Brewster
Batting: RHB Anastasio García 0-0: Called Strike
0-1: Swinging Strike
0-2: Strikes out swinging
Batting: LHB Ken Miller 0-0: Swinging Strike
0-1: Ball
1-1: Ball
2-1: Foul Ball, location: 2F
2-2: Strikes out swinging
Pitching: RHP Gabriel Moore
Batting: LHB Alfonso Montoya 0-0: Foul Ball, location: 2F
0-1: Called Strike
0-2: Ball
1-2: Fly out, F8 (Popup, 6MD)
Top of the 8th over - 0 run(s), 0 hit(s), 0 error(s), 0 left on base; Redwood City 1 - San Jose 2
BOTTOM OF THE 8TH
San Jose Missions batting - Pitching for Redwood City Redwoods : LHP George Owens
Batting: RHB Ed Starr 0-0: Foul Ball, location: 2F
0-1: Ball
1-1: Ball
2-1: Ball
3-1: Base on Balls
Pinch Hitting: RHB Joe Broadhead 0-0: Ball
1-0: Ball
2-0: Ball
3-0: Called Strike
3-1: Swinging Strike
3-2: Base on Balls
Ed Starr to second
Batting: RHB Chang-geun Kim 0-0: Called Strike
0-1: Ball
1-1: SINGLE (Line Drive, 8LS)
Ed Starr to third
Joe Broadhead to second
Runner from 3rd tries for Home, SAFE, throw made home
Joe Broadhead to third
Chang-geun Kim to second
Batting: LHB Mel Jones 0-0: Ball
1-0: Called Strike
1-1: Ball
2-1: Foul Ball, location: 2F
2-2: Ball
3-2: Fly out, F2 (Popup, 2LF)
Batting: RHB Mike Gordon 0-0: Ball
1-0: Called Strike
1-1: Called Strike
1-2: Ball
2-2: SINGLE (Groundball, 56)
Joe Broadhead scores
Chang-geun Kim to third
Runner from 3rd tries for Home, SAFE, no throw or cutoff
Pitching: LHP Haywood Brown
Batting: RHB Jim Brown 0-0: Ball
1-0: Ball
2-0: Called Strike
2-1: Ball
3-1: Base on Balls
Mike Gordon to second
Batting: RHB Josh Powell 0-0: Called Strike
0-1: Ball
1-1: Fly out, F4 (Line Drive, 34)
Batting: RHB Goro Tanabe 0-0: Called Strike
0-1: SINGLE (Line Drive, 8LS)
Mike Gordon to third
Jim Brown to second
Batting: RHB Bobby Brewster 0-0: Foul Ball, location: 2F
0-1: Fly out, F3 (Popup, 3DF)
Bottom of the 8th over - 3 run(s), 3 hit(s), 0 error(s), 3 left on base; Redwood City 1 - San Jose 5
TOP OF THE 9TH
Redwood City Redwoods batting - Pitching for San Jose Missions : RHP Gabriel Moore
Now in LF: Edgar Wilson
Batting: LHB Eduardo Alomar 0-0: Called Strike
0-1: Swinging Strike
0-2: Ball
1-2: SINGLE (Line Drive, 56D)
Batting: RHB José Aguilera 0-0: Swinging Strike
0-1: Ball
1-1: Ball
2-1: Ball
3-1: SINGLE (Groundball, 34D)
Eduardo Alomar to second
Runner from 2nd tries for 3rd, OUT!
José Aguilera to second
Batting: LHB Nicholas Alston 0-0: Fly out, F7 (Flyball, 7LS)
Batting: SHB Marvin Harris 0-0: Foul Ball, location: 2F
0-1: Ball
1-1: Ground out 5-3 (Groundball, 56)
Top of the 9th over - 0 run(s), 2 hit(s), 0 error(s), 1 left on base; Redwood City 1 - San Jose 5
This league is powered by Out of the Park Baseball, the baseball management simulation game for PC, Mac and Linux
Wednesday, December 2nd, 2015 - OOTP Baseball 16.8 Build 38